 Dungeon Crawl Stone Soup version 0.31-a0-455-g1a7b003ef0 (webtiles) character file.

Game seed: 3970624981930092639

138 LeprechaunX the Ruffian (level 5, 0/34 HPs)
             Began as an Octopode Shapeshifter on Aug 3, 2023.
             Slain by an orc
             ... wielding a +0 flail
              (7 damage)
             ... on level 3 of the Dungeon.
             The game lasted 00:03:37 (1826 turns).

LeprechaunX the Ruffian (Octopode Shapeshifter)     Turns: 1826, Time: 00:03:38

Health: 0/34       AC:  1    Str: 16    XL:     5   Next: 21%
Magic:  5/5        EV: 13    Int: 10    God:
Gold:   201        SH:  0    Dex: 13    Spells: 4/4 levels left

rFire   . .          .
                       - Unarmed
rCold   . . .        (no shield)
rNeg    . . .        (helmet currently unavailable)
rPois   .            g - amulet of the acrobat
rElec   .            c - ring of willpower
rCorr   .            (no ring)
SInv    .            (no ring)
Will    +....        (no ring)
Stlth   ++           (no ring)
HPRegen 0.25/turn    (no ring)
MPRegen 0.09/turn    (no ring)
                     (no ring)

%: acrobat
@: beast-form
A: beast (slay +2), almost no armour, amphibious, 8 rings, camouflage 1,
gelatinous body 1, (nimble swimmer 1), tentacles
a: Begin Untransformation


You were on level 3 of the Dungeon.
You were a hulking beast.
You visited 1 branch of the dungeon, and saw 3 of its levels.

You collected 201 gold pieces.

Inventory:

Missiles
 k - 2 boomerangs
Jewellery
 c - a ring of willpower (left tentacle)
 g - an amulet of the acrobat (around mantle)
 r - a ring of flight
Talismans
 b - a beast talisman (active)
 q - a serpent talisman
Scrolls
 d - a scroll of torment {unknown}
 f - a scroll of fear {unknown}
 i - a scroll of identify {unknown}
 j - a scroll of teleportation {unknown}
 n - a scroll of noise {unknown}
 o - 2 scrolls of enchant weapon {unknown}
Potions
 a - a potion of lignification
 e - a potion of mutation {unknown}
 h - a potion of attraction {unknown}
 l - a potion of berserk rage {unknown}
 m - a potion of haste {unknown}
 p - a potion of brilliance {unknown}


   Skills:
 + Level 2.2 Fighting
 + Level 2.8 Dodging
 + Level 4.1 Unarmed Combat
 * Level 3.6 Shapeshifting


You had 4 spell levels left.
You didn't know any spells.
Your spell library contained the following spells:

 Spells                   Type           Power      Damage    Failure   Level
 Cigotuvi's Dreadful Rot  Necr/Pois/Air  0%         N/A       50%         2
 Ignite Poison            Fire/Tmut/Pois 0%         N/A       75%         3
 Inner Flame              Hex/Fire       0%         N/A       75%         3
 Flame Wave               Conj/Fire      0%         2d4       98%         4
 Sticky Flame             Conj/Fire      0%         2d3       98%         4
 Freezing Cloud           Conj/Ice/Air   0%         6-21      100%        5


Dungeon Overview and Level Annotations

Branches:
Dungeon (3/15)

Altars:
Fedhas


Innate Abilities, Weirdness & Mutations

You are a hulking beast.
Your limbs bulge with bestial killing power. (Slay +2)
You cannot wear most types of armour.
You are amphibious.
You can wear up to eight rings at the same time.
Your skin changes colour to match your surroundings (Stealth+).
Your rubbery body absorbs attacks. (AC +1, EV +1)
((You are camouflaged when in or above water. (Stealth+)))
You have tentacles for arms and can constrict up to eight enemies at once.


Message History

r - a ring of flight
Items here: )) ††.
You now have 183 gold pieces (gained 12).
You see here a +0 spear.
There is a fountain of clear blue water here.
You open the door.
Found a faded altar of an unknown god.
You now have 201 gold pieces (gained 18).
An orc wizard and 3 orcs come into view.
There are monsters nearby!
There are monsters nearby!
There are monsters nearby!
The orc shouts!
The orc wizard shouts!
The orc wizard closely misses you. The orc completely misses you.
The orc shouts!
You tentacle-slap the orc wizard but do no damage.
You grab the orc wizard.
You constrict the orc wizard, but do no damage.
The orc wizard escapes!
The orc barely misses you.
You closely miss the orc wizard. You grab the orc wizard.
You squeeze the orc wizard, but do no damage.
You constrict the orc wizard. The orc wizard misses you.
The orc hits you with a +0 flail! x2
You are too injured to fight recklessly!
You are too injured to fight recklessly!
You are too injured to fight recklessly!
Unknown command.
You completely miss the orc wizard.
The orc wizard is lightly wounded.
You constrict the orc wizard.
The orc wizard gestures wildly while chanting.
The orc wizard flickers and vanishes!
Deactivating autopickup; reactivate with Ctrl-A.
The orc hits you with a +0 flail. The orc misses you.
You tentacle-slap the orc. Your grab misses the orc.
The orc is heavily wounded.
You constrict something. The orc hits you with a +0 dagger. Something hits you.
* * * LOW HITPOINT WARNING * * *
The orc hits you with a +0 flail!
You die...

..####.#.#.#.#... .##
#.....<#.#.#.#######...
##.###.#.#.#.#.. .....
...# #.#.#.#.#.# ....
##.# #.#.#...#.# ..##
.#.###.#.#.....##...#
.#.....#.#.####.....#
..###.##.#. #....####.
≈........#. #.h{......
..#####..#. #ooo...###
§........÷....+......#
≈.######...####........#
≈..# ##..# #......###
§..# #.# ####...# §§§#
.# ##.. ≈..###### .# ##.
≈........ ..


You could see 3 orcs.

Vanquished Creatures
  4 gnolls (D:3)
  3 adders
  2 worms (D:2)
  4 ball pythons
  5 bats
  6 endoplasms
  4 giant cockroaches
  6 goblins
  5 hobgoblins
  7 jackals
  2 quokkas
  3 frilled lizards (D:1)
  7 kobolds
  6 rats
64 creatures vanquished.

Notes
Turn   | Place    | Note
-------+----------+-------------------------------------------
     0 | D:1      | LeprechaunX the Octopode Shapeshifter began the quest for
                  | the Orb.
     0 | D:1      | Reached XP level 1. HP: 13/13 MP: 1/1
   136 | D:1      | Reached XP level 2. HP: 18/18 MP: 2/2
   398 | D:1      | Reached XP level 3. HP: 23/23 MP: 3/3
   619 | D:1      | Upgraded the game from 0.31-a0-441-g867994ef1c to
                  | 0.31-a0-455-g1a7b003ef0
  1027 | D:2      | Reached XP level 4. HP: 26/29 MP: 4/4
  1231 | D:2      | Reached skill level 4 in Unarmed Combat
  1477 | D:3      | Found a blossoming altar of Fedhas.
  1677 | D:3      | Reached XP level 5. HP: 26/34 MP: 5/5
  1796 | D:3      | Found a faded altar of an unknown god.
  1826 | D:3      | Slain by an orc

Illustrated notes

Levels and vault maps discovered:
D:1:      dpeg_arrival_stone_temple_mockup, layout_loops_corners
D:2:      layout_basic
D:3:      layout_basic, mainiacjoe_overflow_concentric_impassable,
          nicolae_overflow_ecumenical_swirl, serial_bayou_pond_b,
          hangedman_decor_growths

Skill      XL: |  1  2  3  4 |
---------------+-------------+-----
Unarmed Combat | 4 |  4.1
Fighting       | 2 |  2.2
Dodging        | |  2.8
Shapeshifting  | |  3.6

Action                     |  1- 3 |  4- 6 || total
---------------------------+-------+-------++-------
  Melee: Unarmed           |    74 |    43 ||   117
         Tentacles         |    16 |    10 ||    26
         Constrict         |    22 |    13 ||    35
         Punch             |     2 |     1 ||     3
   Stab: Sleeping          |     6 |     4 ||    10
 Armour: Skin              |     3 |       ||     3
  Dodge: Dodged            |    50 |    18 ||    68

Table legend: (Time is in decaauts)
 A = Elapsed time spent in this place.
 B = Non-inter-level travel time spent in this place.
 C = Inter-level travel time spent in this place.
 D = Time resting spent in this place.
 E = Time spent auto-exploring this place.
 F = Levels seen in this place.
 G = Mean time per level.
                   A        B        C        D        E       F      G
               +--------+--------+--------+--------+--------+-----+--------+
         Total |   1817 |   1759 |     58 |     81 |   1302 |   3 |  605.7 |
       Dungeon |   1817 |   1759 |     58 |     81 |   1302 |   3 |  605.7 |
               +--------+--------+--------+--------+--------+-----+--------+

Top non-repeatable levels by time:
     D:1: 886 daAuts
     D:2: 570 daAuts
     D:3: 360 daAuts
